 Dungeon Crawl Stone Soup version 0.31-a0-986-g5e6e4ef867 (webtiles) character file.

Game seed: 16012710908444646666

50309 Gelion the Marksgargoyle (level 14, -13/92 HPs)
             Began as a Gargoyle Hunter on Nov 13, 2023.
             Was the Champion of the Shining One.
             Killed by divine providence
             ... invoked by an orc priest
              (14 damage)
             ... on level 2 of the Orcish Mines.
             The game lasted 00:41:33 (18557 turns).

Gelion the Marksgargoyle (Gargoyle Hunter)         Turns: 18557, Time: 00:41:34

Health: -13/92     AC: 25    Str: 21    XL:     14   Next: 54%
Magic:  0/23       EV: 22    Int: 10    God:    the Shining One [******]
Gold:   933        SH:  0    Dex: 19    Spells: 13/13 levels left

rFire   + . .        s - +0 orcbow
rCold   . . .        (shield currently unavailable)
rNeg    + + +        J - +2 leather armour of Titoxes {Dex+2}
rPois   ∞            m - +2 helmet
rElec   +            f - +0 cloak {rPois}
rCorr   .            a - +1 pair of gloves "Zoasorch" {+Inv rN+ Str+5}
SInv    .            w - +0 pair of boots
Will    +....        j - amulet of guardian spirit Stlth
                     o - +5 ring of evasion
HPRegen 0.35/turn    y - ring of protection from fire
MPRegen 0.18/turn

%: guardian spirit
@: confused, mighty, silenced, ambrosia-drunk, flying, hasted, glowing, studying
Invocations, very quick
A: sickness immunity, AC +10, big wings, negative energy resistance 1,
electricity resistance, torment resistance 1, petrification resistance
a: Renounce Religion, Evoke Invisibility


You were on level 2 of the Orcish Mines.
You worshipped the Shining One.
The Shining One was exalted by your worship.
You visited 4 branches of the dungeon, and saw 19 of its levels.
You also visited: Ossuary.

You collected 1253 gold pieces.
You spent 320 gold pieces at shops.

Inventory:

Hand Weapons
 s - a +0 orcbow (weapon)
Missiles
 E - 3 throwing nets
Armour
 a - the +1 pair of gloves "Zoasorch" (worn) {+Inv rN+ Str+5}
   (You acquired it on level 9 of the Dungeon)

   Str+5:     It affects your strength (+5).
   rN+:       It protects you from negative energy.
   +Inv:      It lets you turn invisible.
 f - a +0 cloak of poison resistance (worn)
 m - a +2 helmet (worn)
 w - a +0 pair of boots (worn)
 J - the +2 leather armour of Titoxes (worn) {Dex+2}
   (You bought it in a shop on level 1 of the Dungeon)

   Dex+2:     It affects your dexterity (+2).
Jewellery
 j - an amulet of guardian spirit (around neck)
 o - a +5 ring of evasion (left hand)
 y - a ring of protection from fire (right hand)
Wands
 d - a wand of paralysis (6)
 q - a wand of flame (59)
 v - a wand of roots (18)
Scrolls
 b - 2 scrolls of butterflies
 e - 2 scrolls of fear
 k - 3 scrolls of immolation
 t - 2 scrolls of revelation
 x - 5 scrolls of teleportation
 A - 3 scrolls of vulnerability
 C - a scroll of fog
 G - 3 scrolls of blinking
 H - 2 scrolls of poison
Potions
 c - a potion of lignification {unknown}
 h - 6 potions of brilliance
 i - 7 potions of ambrosia
 l - 4 potions of might
 n - 6 potions of enlightenment
 p - 8 potions of curing
 u - a potion of attraction
 z - a potion of resistance {unknown}
 F - 2 potions of mutation {unknown}


   Skills:
 + Level 12.3 Fighting
 * Level 16.1 Ranged Weapons
 * Level 9.6 Armour
 - Level 8.0 Dodging
 - Level 1.1 Stealth
 + Level 13.1 Invocations


You had 13 spell levels left.
You didn't know any spells.
Your spell library contained the following spells:

 Spells                   Type           Power      Damage    Failure   Level
 Freeze                   Ice            0%         1d3       38%         1
 Sandblast                Erth           0%         2d4       38%         1
 Slow                     Hex            0%         N/A       38%         1
 Passwall                 Tmut/Erth      0%         N/A       54%         2
 Frozen Ramparts          Ice            0%         1d1       77%         3
 Hailstorm                Conj/Ice       0%         3d3       77%         3
 Stone Arrow              Conj/Erth      0%         3d7       77%         3
 Brom's Barrelling Bould  Conj/Erth      0%         2d3       99%         4
 Olgreb's Toxic Radiance  Pois           0%         N/A       99%         4
 Petrify                  Tmut/Erth      0%         N/A       99%         4
 Iskenderun's Battlesphe  Conj           0%         2d6       100%        5
 Lee's Rapid Deconstruct  Erth           0%         3d4*      100%        5
 Metabolic Englaciation   Hex/Ice        0%         N/A       100%        5
 Summon Forest            Summ/Tloc      0%         N/A       100%        5
 Discord                  Hex            0%         N/A       100%        8
 Ignition                 Fire           0%         3d3       100%        8


Dungeon Overview and Level Annotations

Branches:
Dungeon (11/15)            Temple (1/1) D:4            Lair (5/5) D:10
 Shoals (0/4) Lair:2       Spider (0/4) Lair:2        Slime (0/5) Lair:5
    Orc (2/2) D:9             Elf (0/3) Orc:2       Ossuary (visited)

Altars:
Ashenzari
Cheibriados
Dithmenos
Elyvilon
Fedhas
Gozag
Hepliaklqana
Kikubaaqudgha
Makhleb
Nemelex Xobeh
Okawaru
Qazlal
Ru
Sif Muna
Trog
Uskayaw
Vehumet
Wu Jian
Xom
Yredelemnul
Zin
The Shining One
Jiyva

Shops:
D:1 [

Annotations:
Lair:5 1 runed translucent door, boiyoioing's ghost, journeyman GnCA


Innate Abilities, Weirdness & Mutations

You are immune to sickness and miasma.
Your stone body is resilient. (AC +10)
You are immune to poison.
Your large and strong wings let you fly.
You resist negative energy. (rN+)
You are resistant to electric shocks. (rElec)
You are resistant to unholy torment.
You are immune to petrification.


Message History

The orc knight roars a battlecry!
The orc goes into a battle-frenzy!
The orc knight roars a battlecry!
The orc knight goes into a battle-frenzy!
The orc priest invokes the aid of Beogh against you.
Beogh smites you!
* * * LOW HITPOINT WARNING * * *
You shoot an arrow. The arrow hits the orc warrior!
You kill the orc warrior!
The orc wizard misses you.
Unknown command.
You shoot an arrow. The arrow hits the orc warrior!
The orc warrior is severely wounded.
The orc warlord hits you but does no damage.
The orc warrior barely misses you.
The orc priest calls down the wrath of Beogh upon you.
Beogh smites you!
* * * LOW HITPOINT WARNING * * *
An orc warrior comes into view. It is wielding a +0 trident.
You feel much better. The orc completely misses you.
The orc wizard hits you but does no damage.
You are confused.
You feel invigorated.
The orc warrior gestures.
The orc priest calls down the wrath of Beogh upon you.
Beogh smites you!
* * * LOW HITPOINT WARNING * * *
The orc warlord closely misses you.
An orc priest comes into view. It is wielding a +0 mace.
The orc high priest utters an invocation to Beogh.
You bump into the rock wall.
The orc wizard misses you.
The orc priest mumbles some strange prayers to Beogh against you.
Beogh smites you!
* * * LOW HITPOINT WARNING * * *
The orc warlord hits you from afar with a +0 halberd!
* * * LOW HITPOINT WARNING * * *
The orc warrior closely misses you.
The orc priest calls down the wrath of Beogh upon you.
Beogh smites you!
You die... ......$.# ...ooo..### o.#oo.3..o## #o3oooooo## ##o#oooooo# #ooooo#o## ...oooooo##

....oo#hooo#
......###@##
...#.# ###
.#..


You could see an orc warlord (strong), 2 orc knights, an orc high priest
(strong), a sun demon (summoned), a ynoxinul (summoned), a warg, 9 orc warriors,
8 orc priests, 2 orc wizards and 12 orcs.

Vanquished Creatures
  An orc warlord (D:9)
  4 hydras
  2 boulder beetles
  3 skysharks (Lair:5)
  A goliath frog (Lair:5)
  An orc sorcerer (Orc:2)
  7 elephants (Lair:5)
  Joseph (D:8)
  A black mamba (Lair:4)
  A merfolk siren (Lair:2)
  A torpor snail (Lair:5)
  27 cane toads
  A rime drake (Lair:4)
  8 komodo dragons
  A meliai (Lair:2)
  A merfolk (Lair:2)
  A polar bear (Lair:2)
  A queen bee (Lair:1)
  5 trolls
  3 tyrant leeches (Lair:5)
  A hornet (D:8)
  21 blink frogs
  2 dream sheep (Lair:5)
  Grinder (D:5)
  Sigmund (D:3)
  A shadow (D:9)
  A wyvern (Lair:5)
  69 yaks
  A basilisk (Lair:1)
  7 vampire mosquitoes
  Menkaure (D:5)
  3 wargs (Orc:1)
  19 water moccasins
  A swamp drake (D:9)
  3 ice beasts
  A sky beast (D:7)
  12 orc warriors
  3 black bears
  4 ogres
  12 wolves
  2 centaurs
  A phantom (D:5)
  4 kobold brigands
  18 bullfrogs
  11 scorpions
  3 wights (D:9)
  38 killer bees
  3 howler monkeys (D:10)
  2 electric eels
  5 centaur zombies (Ossuary)
  3 hounds
  3 jellies
  2 sleepcaps (D:6)
  A human zombie (Ossuary)
  Crazy Yiuf (D:5)
  3 orc priests
  4 scorpion zombies (Ossuary)
  Natasha (twice) (D:2)
  13 orc wizards
  4 iguanas
  3 mummies (Ossuary)
  7 adders
  13 gnolls
  3 shadow imps
  A white imp (D:8)
  2 ufetubi (D:6)
  4 dart slugs
  2 worms
  50 orcs
  10 endoplasms
  2 giant cockroaches
  3 gnoll zombies (Ossuary)
  5 goblins
  4 hobgoblins
  7 jackals
  30 kobolds
  5 quokkas
  8 ball pythons
  4 bats
  3 frilled lizards (D:1)
  3 goblin zombies (Ossuary)
  3 hobgoblin zombies (Ossuary)
  3 orc zombies (Ossuary)
  2 quokka zombies (D:8)
  5 rats
540 creatures vanquished.

Vanquished Creatures (others)
  An orc (D:9)
1 creature vanquished.

Grand Total: 541 creatures vanquished

Notes
Turn   | Place    | Note
-------+----------+-------------------------------------------
     0 | D:1      | Gelion the Gargoyle Hunter began the quest for the Orb.
     0 | D:1      | Reached XP level 1. HP: 12/12 MP: 1/1
    88 | D:1      | Reached XP level 2. HP: 18/18 MP: 2/2
    94 | D:1      | Found Gyne Hetol's Antique Armour Shoppe.
   516 | D:1      | Reached XP level 3. HP: 22/22 MP: 3/3
   821 | D:2      | Noticed Natasha
   827 | D:2      | Killed Natasha
   828 | D:2      | Reached XP level 4. HP: 24/27 MP: 4/4
  1012 | D:2      | Noticed Natasha
  1017 | D:2      | Killed Natasha
  1018 | D:2      | Reached skill level 5 in Ranged Weapons
  1542 | D:3      | You fall into a shaft and drop 2 floors!
  1542 | D:5      | Entered Level 5 of the Dungeon
  1558 | D:5      | Noticed a centaur
  1575 | D:5      | Killed a centaur
  1576 | D:5      | Reached XP level 5. HP: 17/32 MP: 5/5
  1643 | D:5      | Noticed a phantom
  1659 | D:5      | Killed a phantom
  1660 | D:5      | Reached XP level 6. HP: 19/38 MP: 6/6
  1825 | D:5      | Reached skill level 6 in Ranged Weapons
  1839 | D:5      | Noticed an ice beast
  1854 | D:5      | Killed an ice beast
  2087 | D:4      | Reached XP level 7. HP: 42/44 MP: 7/7
  2180 | D:4      | Found a staircase to the Ecumenical Temple.
  2189 | Temple   | Entered the Ecumenical Temple
  2201 | Temple   | Became a worshipper of the Shining One
  2586 | D:3      | Found a blossoming altar of Fedhas.
  2587 | D:3      | Found a snail-covered altar of Cheibriados.
  2587 | D:3      | Found a broken altar of Ashenzari.
  2591 | D:3      | Found a hazy altar of Hepliaklqana.
  2822 | D:3      | Found a sparkling altar of Nemelex Xobeh.
  2822 | D:3      | Found a white marble altar of Elyvilon.
  2910 | D:3      | Noticed Sigmund
  2919 | D:3      | Killed Sigmund
  2920 | D:3      | Reached skill level 7 in Ranged Weapons
  2920 | D:3      | Reached skill level 1 in Invocations
  2966 | D:3      | Reached skill level 5 in Fighting
  4208 | D:5      | Reached XP level 8. HP: 25/49 MP: 9/9
  4334 | D:5      | Found a runed translucent door.
  4335 | D:5      | Noticed Crazy Yiuf
  4384 | D:5      | Killed Crazy Yiuf
  4459 | D:5      | Noticed Menkaure
  4472 | D:5      | Killed Menkaure
  4588 | D:5      | Noticed Grinder
  4589 | D:5      | Paralysed by Grinder for 2 turns
  4610 | D:5      | Killed Grinder
  4769 | D:5      | Reached skill level 8 in Ranged Weapons
  4840 | D:5      | Reached * piety under the Shining One
  5261 | D:6      | Reached XP level 9. HP: 43/55 MP: 7/11
  5933 | D:7      | Reached skill level 9 in Ranged Weapons
  6127 | D:7      | Reached skill level 5 in Dodging
  6926 | D:7      | Reached skill level 5 in Invocations
  7234 | D:8      | Noticed Joseph
  7252 | D:8      | Killed Joseph
  7253 | D:8      | Reached skill level 10 in Ranged Weapons
  7253 | D:8      | Reached XP level 10. HP: 8/63 MP: 2/14
  7481 | D:8      | Paralysed by a kobold for 5 turns
  7529 | D:8      | Found a sand-covered staircase.
  7541 | Ossuary  | Entered an ossuary
  7551 | Ossuary  | Reached ** piety under the Shining One
  7712 | Ossuary  | Reached *** piety under the Shining One
  8764 | D:9      | Reached **** piety under the Shining One
  8767 | D:9      | Reached skill level 11 in Ranged Weapons
  9190 | D:9      | Reached XP level 11. HP: 53/69 MP: 12/16
  9312 | D:9      | Found a staircase to the Orcish Mines.
  9549 | D:9      | Identified a scroll of acquirement
  9549 | D:9      | Acquired the +1 pair of gloves "Zoasorch" {+Inv rN+ Str+5}
  9627 | D:10     | Entered Level 10 of the Dungeon
 10021 | D:10     | Found a staircase to the Lair.
 10201 | D:11     | Noticed a two-headed ogre
 10204 | D:11     | Noticed a cyclops
 10309 | Lair:1   | Entered Level 1 of the Lair of Beasts
 10335 | Lair:1   | Reached skill level 12 in Ranged Weapons
 11112 | Lair:1   | Identified the +0 flail "Lusanof" {freeze, rPois}
 11217 | Lair:1   | Reached XP level 12. HP: 71/77 MP: 16/18
 11348 | Lair:1   | Reached skill level 13 in Ranged Weapons
 11427 | Lair:1   | Reached skill level 10 in Fighting
 12147 | Lair:2   | Found a hole to the Spider Nest.
 12391 | Lair:2   | Reached ***** piety under the Shining One
 12796 | Lair:2   | Found a staircase to the Shoals.
 13037 | Lair:2   | Acquired a manual of Invocations
 13212 | Lair:2   | Identified the +6 short sword of the Bedazzling Saviour
                  | {elec, rC+}
 13719 | D:1      | Bought a masterwork scale mail for 180 gold pieces
 13719 | D:1      | Identified the +1 scale mail of the Lair of Beasts {MP+9
                  | Int+4 Dex+2} (You bought it in a shop on level 1 of the
                  | Dungeon)
 13719 | D:1      | Bought a bloodstained leather armour for 140 gold pieces
 13719 | D:1      | Identified the +2 leather armour of Titoxes {Dex+2} (You
                  | bought it in a shop on level 1 of the Dungeon)
 14102 | Lair:3   | Reached skill level 1 in Armour
 14315 | Lair:3   | Noticed a five-headed hydra
 14327 | Lair:3   | Killed a five-headed hydra
 14328 | Lair:3   | Reached skill level 14 in Ranged Weapons
 14426 | Lair:3   | Identified the +6 trident of Light {vamp, Dex+8}
 14585 | Lair:3   | Reached skill level 10 in Invocations
 14703 | Lair:3   | Reached XP level 13. HP: 79/84 MP: 18/20
 14930 | Lair:4   | Reached skill level 5 in Armour
 15590 | Lair:5   | Identified the "Onnoqouh"
 15590 | Lair:5   | Entered Level 5 of the Lair of Beasts
 15834 | Lair:5   | Reached skill level 15 in Ranged Weapons
 15884 | Lair:5   | Found a runed translucent door.
 15884 | Lair:5   | Found a shimmering altar of Xom.
 15884 | Lair:5   | Noticed boiyoioing's ghost (journeyman GnCA)
 16268 | Lair:5   | Gained mutation: Your large and strong wings let you fly.
                  | [Gargoyle growth]
 16268 | Lair:5   | Reached XP level 14. HP: 91/91 MP: 23/23
 16999 | Lair:5   | Found a viscous altar of Jiyva.
 16999 | Lair:5   | Found a staircase to the Slime Pits.
 17008 | Lair:5   | Identified the +3 ring mail of the Big Bang {+Inv rN+ Int+3
                  | Dex+3}
 17305 | Lair:5   | Identified the staff of Untimely Demise {rF+ SInv Fire}
 17316 | Lair:5   | Identified the staff of Greatest Utility {*Slow rElec rN+++
                  | Dex-2 SInv Air}
 17391 | Lair:5   | Found a hide-covered altar of Uskayaw.
 17817 | Orc:1    | Identified the "Mohomyek"
 17817 | Orc:1    | Entered Level 1 of the Orcish Mines
 17862 | Orc:1    | Noticed an orc warlord
 17901 | D:9      | Killed an orc warlord
 17902 | D:9      | Reached skill level 16 in Ranged Weapons
 18334 | Orc:1    | Found a shimmering blue altar of Sif Muna.
 18453 | Orc:2    | Entered Level 2 of the Orcish Mines
 18453 | Orc:2    | Found a staircase to the Elven Halls.
 18512 | Orc:2    | Noticed an orc warlord
 18519 | Orc:2    | Reached ****** piety under the Shining One
 18554 | Orc:2    | HP: 1/92 [orc priest/divine providence (9)]
 18557 | Orc:2    | Killed from afar by an orc priest

Illustrated notes

Levels and vault maps discovered:
D:1:      minmay_arrival_cross, layout_basic, serial_shops, nicolae_shop_trees
D:2:      layout_basic, uniq_natasha
D:3:      layout_loops_ring, grunt_temple_overflow_open,
          gammafunk_temple_overflow_wave, kennysheep_generic_room_6,
          uniq_sigmund
D:4:      layout_cave_pods, minmay_temple_entry_waves
D:5:      layout_loops_cross, uniq_grinder, uniq_crazy_yiuf_cottage,
          uniq_menkaure
D:6:      layout_basic
D:7:      layout_basic, nrook_mini_backslash
D:8:      layout_basic, enter_ossuary_4, kennysheep_nub, lemuel_flame_loot_1,
          uniq_joseph
D:9:      layout_big_octagon, erik_orc_1, minmay_misc_feat_room
D:10:     layout_rooms, lair_entry_dummy
D:11:     layout_loops_ring, portal_ice_cave_entry_ice_simulacra
Temple:   nicolae_temple_superstar
Lair:1:   layout_gridlike, special_room [special_room_bee], grunt_megastairs_2
Lair:2:   layout_gridlike, elwin_shoals_entry_rooms,
          hellmonk_spider_entry_not_the_bees
Lair:3:   layout_concentric_octagons, serial_bayou_pond_b
Lair:4:   layout_layer_cave, grunt_megastairs_1, infiniplex_staircase_pool
Lair:5:   minmay_lair_end_frog_pond, layout_hall_layers, slime_entry_1,
          ebering_ghost_xom, basic_altar
Orc:1:    layout_caves, serial_shops, shop_fountains, led_sif_book
Orc:2:    st_orc_pillars, layout_diamond_mine, uniq_nessos

Skill      XL: |  1  2  3  4  5  6  7  8  9 10 11 12 13 14 |
---------------+-------------------------------------------+-----
Dodging        | 2 3 4 5 6 7 8 |  8.0
Fighting       | 3 4 5 6 7 8 9 10 11 12 | 12.3
Ranged Weapons | 5 6 7 8 10 11 12 14 15 16 | 16.1
Invocations    | 1 3 5 7 8 10 12 13 | 13.1
Armour         | 3 8 9 |  9.6
Stealth        | |  1.1

Action                     |  1- 3 |  4- 6 |  7- 9 | 10-12 | 13-15 || total
---------------------------+-------+-------+-------+-------+-------++-------
  Melee: Orcbow            |       |       |       |     4 |       ||     4
   Fire: Shortbow          |    88 |   114 |   622 |       |       ||   824
         Orcbow            |       |       |    18 |  1296 |  1077 ||  2391
    Use: Scroll            |       |       |    14 |     9 |     2 ||    25
         Potion            |       |       |       |     4 |     7 ||    11
 Armour: Leather armour    |    18 |    55 |   263 |   498 |   356 ||  1190
  Dodge: Dodged            |    17 |    59 |   377 |  1324 |   727 ||  2504

Table legend: (Time is in decaauts)
 A = Elapsed time spent in this place.
 B = Non-inter-level travel time spent in this place.
 C = Inter-level travel time spent in this place.
 D = Time resting spent in this place.
 E = Time spent auto-exploring this place.
 F = Levels seen in this place.
 G = Mean time per level.
                   A        B        C        D        E       F      G
               +--------+--------+--------+--------+--------+-----+--------+
         Total |  18248 |  16687 |   1561 |    777 |  11740 |  20 |  912.4 |
       Dungeon |  10844 |   9610 |   1234 |    451 |   7215 |  11 |  985.8 |
        Temple |     24 |      2 |     22 |      0 |      0 |   1 |   24.0 |
          Lair |   6609 |   6340 |    269 |    326 |   4196 |   5 | 1321.8 |
  Orcish Mines |    406 |    371 |     35 |      0 |    232 |   2 |  203.0 |
       Ossuary |    362 |    362 |      0 |      0 |     96 |   1 |  362.0 |
               +--------+--------+--------+--------+--------+-----+--------+

Top non-repeatable levels by time:
  Lair:5: 1911 daAuts
  Lair:1: 1713 daAuts
  Lair:2: 1576 daAuts
     D:8: 1340 daAuts
     D:9: 1299 daAuts
     D:5: 1293 daAuts
     D:4: 1234 daAuts
     D:7: 1219 daAuts
     D:2: 1154 daAuts
     D:3: 938 daAuts
     D:6: 827 daAuts
     D:1: 792 daAuts
  Lair:4: 746 daAuts
    D:10: 730 daAuts
  Lair:3: 662 daAuts
